 Dungeon Crawl Stone Soup version 0.18.1-8-gdd0e5ea (webtiles) character file.

345 Jerry the Twirler (level 6, -2/50 HPs)
             Began as a Minotaur Gladiator on May 24, 2016.
             Killed by nerve-wracking pain
             ... invoked by Menkaure
              (13 damage)
             ... on level 4 of the Dungeon.
             The game lasted 00:08:39 (2865 turns).

Jerry the Twirler (Minotaur Gladiator)              Turns: 2865, Time: 00:08:39

Health: -2/50      AC: 12    Str: 22    XL:     6   Next: 32%
Magic:  5/5        EV: 12    Int:  5    God:
Gold:   213        SH:  0    Dex: 10    Spells: 0 memorised, 5 levels left

rFire  . . .     SeeInvis .     y - +3 quarterstaff (chaos)
rCold  . . .     Gourm    .     D - +5 ring mail of Salvation {*Corrode rN++}
rNeg   + + .     Faith    .     (shield currently unavailable)
rPois  .         Spirit   .     c - +0 hat
rElec  .         Dismiss  .     B - +0 cloak
rCorr  .         Reflect  .     (no gloves)
SustAt .         Harm     .     (no boots)
MR     .....                    (no amulet)
Stlth  ..........               (no ring)
                                (no ring)

@: not resistant to hostile enchantments, extremely unstealthy
A: retaliatory headbutt, horns 2
a: no special abilities


You were on level 4 of the Dungeon.
You were not hungry.

You visited 1 branch of the dungeon, and saw 4 of its levels.

You collected 213 gold pieces.

Inventory:

Hand Weapons
 a - a +0 quarterstaff
 y - a +3 quarterstaff of chaos (weapon)
Missiles
 k - 6 tomahawks of returning (quivered)
Armour
 b - a +0 leather armour
 c - a +0 hat (worn)
 B - a +0 cloak (worn)
 D - the +5 ring mail of Salvation (worn) {*Corrode rN++}
   (You found it on level 4 of the Dungeon)

   It greatly protects you from negative energy.
   It may corrode you when you take damage.
Wands
 u - a wand of acid (6/15)
Scrolls
 g - 11 scrolls of identify {unknown}
 h - 2 scrolls of enchant weapon {unknown}
 j - a scroll of fog {unknown}
 l - a scroll of immolation {unknown}
 o - 2 scrolls of recharging {unknown}
 p - a scroll of fear {unknown}
 q - a scroll of blinking {unknown}
 s - 3 scrolls of enchant armour {unknown}
 t - 2 scrolls of remove curse {unknown}
 v - a scroll of random uselessness {unknown}
 x - a scroll of noise {unknown}
 C - a scroll of amnesia {unknown}
Potions
 e - 2 potions of agility {unknown}
 i - a potion of degeneration {unknown}
 m - 2 potions of cancellation {unknown}
 n - a potion of curing {unknown}
 r - 2 potions of magic {unknown}
 w - a potion of cure mutation {unknown}
 A - a potion of brilliance {unknown}
 E - a potion of might {unknown}
Comestibles
 f - 3 bread rations
 z - 2 meat rations


   Skills:
 - Level 2.4 Fighting
 + Level 6.6 Staves
 - Level 2.0 Throwing
 + Level 5.2 Armour
 - Level 3.2 Dodging


You had 5 spell levels left.
You didn't know any spells.

Dungeon Overview and Level Annotations

Branches:
Dungeon (4/15)
 Temple: D:4-7

Altars:
Cheibriados
Elyvilon
Vehumet

Shops:
D:4 (

Annotations:
D:4 Menkaure


Innate Abilities, Weirdness & Mutations

You reflexively headbutt those who attack you in melee.
You have a pair of horns on your head.


Message History

You hit Menkaure. Your headbutt misses Menkaure.
Menkaure is lightly damaged.
Menkaure calls on the powers of darkness!
Your body is wracked with pain!
You hit Menkaure.
Menkaure is lightly damaged.
Menkaure hits you!
* * * LOW HITPOINT WARNING * * *
Menkaure calls on the powers of darkness!
Your body is wracked with pain!
* * * LOW HITPOINT WARNING * * *
Menkaure calls on the powers of darkness!
Your body is wracked with pain!
* * * LOW HITPOINT WARNING * * *
Menkaure gestures wildly while chanting.
Menkaure seems to speed up.
Menkaure giggles, "These cerements are ticklish..."
Menkaure casts a spell at you. Pain shoots through your body!
You die...

# # # # #
###################
#.@....M.Z.........
#.#################
###>(......
........
#..........
........
######'#########
######## #........#
#........#
#........#
#........# ######


You could see Menkaure and an adder skeleton.

Vanquished Creatures
  Duvessa (D:4)
  Dowan (D:4)
  Crazy Yiuf (D:3)
  2 worker ants (D:4)
  A gnoll (D:1)
  2 adders
  An ooze (D:2)
  An adder zombie (D:3)
  4 dart slugs
  2 giant geckos
  An orc (D:3)
  4 bats
  5 giant cockroaches
  6 goblins
  8 hobgoblins
  9 jackals
  A quokka (D:4)
  11 giant newts
  5 kobolds
  10 rats
76 creatures vanquished.

Notes
Turn   | Place    | Note
--------------------------------------------------------------
     0 | D:1      | Jerry the Minotaur Gladiator began the quest for the Orb.
     0 | D:1      | Reached XP level 1. HP: 18/18 MP: 0/0
    41 | D:1      | Reached skill level 1 in Armour
    43 | D:1      | Reached skill level 4 in Staves
    45 | D:1      | Reached XP level 2. HP: 19/25 MP: 1/1
   151 | D:1      | Reached XP level 3. HP: 22/30 MP: 2/2
   859 | D:2      | Reached skill level 5 in Staves
   893 | D:2      | Reached XP level 4. HP: 36/37 MP: 3/3
  1410 | D:2      | Found a radiant altar of Vehumet.
  1411 | D:2      | Found a snail-covered altar of Cheibriados.
  2074 | D:3      | Found a faded altar to an unknown god.
  2124 | D:3      | Noticed Crazy Yiuf
  2133 | D:3      | Killed Crazy Yiuf
  2133 | D:3      | Reached XP level 5. HP: 42/42 MP: 4/4
  2291 | D:4      | Noticed Duvessa
  2304 | D:4      | Noticed Dowan
  2309 | D:4      | Killed Duvessa
  2309 | D:4      | Reached skill level 6 in Staves
  2311 | D:4      | Killed Dowan
  2311 | D:4      | Reached skill level 5 in Armour
  2311 | D:4      | Reached XP level 6. HP: 36/50 MP: 5/5
  2480 | D:4      | Got a smoking ring mail
  2496 | D:4      | Identified the +5 ring mail of Salvation {*Corrode rN++} (You found it on level 4 of the Dungeon)
  2543 | D:4      | Found a white marble altar of Elyvilon.
  2715 | D:4      | Found Linn's Weapon Shop.
  2835 | D:4      | Noticed Menkaure
  2865 | D:4      | Killed from afar by Menkaure

Skill      XL: |  1  2  3  4  5 |
---------------+----------------+-----
Armour         | 1 2 3 5 |  5.2
Staves         | 4 5 6 |  6.6
Fighting       | |  2.4
Throwing       | |  2.0
Dodging        | |  3.2

Action                   |  1- 3 |  4- 6 || total
-------------------------+-------+-------++-------
Melee: Quarterstaff      |    81 |    72 ||   153
       Headbutt          |    12 |    13 ||    25
Throw: Throwing net      |     1 |     5 ||     6
       Tomahawk          |       |     1 ||     1
 Stab: Held in net/web   |     1 |       ||     1
  Eat: Chunk             |       |     4 ||     4
       Royal jelly       |       |     1 ||     1
Armor: Leather armour    |    18 |     2 ||    20
       Ring mail         |       |     1 ||     1
Dodge: Dodged            |    39 |    29 ||    68
